[Event "42nd Olympiad Baku 2016 Open"]
[Site "Baku"]
[Date "2016.09.05"]
[Round "4.30"]
[White "Obodchuk, Andrei"]
[Black "Hillarp Persson, Tiger"]
[Result "1/2-1/2"]
[ECO "B56"]
[WhiteElo "2402"]
[BlackElo "2523"]
[Annotator ""]
[PlyCount "95"]
[EventDate "2016.??.??"]
[EventCountry "AZE"]
[SourceTitle "playchess.com"]
[Source "ChessBase"]
[WhiteTeam "IPCA"]
[BlackTeam "SWE"]
[WhiteTeamCountry "RUS"]
[BlackTeamCountry "SWE"]
[TimeControl "40/5400+30:1800+30"]

1. e4 {(00:00)} c5 {(00:00)} 2. Nf3 {(00:00)} d6 {(
00:00)} 3. d4 {(00:54)} cxd4 {(00:00)} 4. Nxd4 {(00:04)}
Nf6 {(00:04)} 5. Nc3 {(00:23)} Nc6 {(00:10)} 6. Be3 {
(05:26)} e5 {(08:36)} 7. Nf3 {(07:14)} Be7 {(01:38]
} 8. Bc4 {(02:27)} O-O {(00:21)} 9. h3 {(02:23)} Na5 {
(01:32)} 10. Bb3 {(07:12)} Be6 {(21:04)} 11. O-O {(
09:09)} Rc8 {(15:15)} 12. Bg5 {(04:19)} Nc4 {(05:43)} 13.
Bxc4 {(06:59)} Rxc4 {(01:59)} 14. Qd3 {(04:44)} Qb6 {
(06:57)} 15. Bxf6 {(08:05)} Bxf6 {(00:09)} 16. b3 {
(00:12)} Rcc8 {(09:29)} 17. Nd5 {(16:19)} Bxd5 {(
01:48)} 18. exd5 {(00:15)} Bd8 {(11:43)} 19. Nd2 {(03:03)}
f5 {(00:18)} 20. c4 {(01:53)} e4 {(00:44)} 21. Qe2 {
(00:19)} Bf6 {(02:19)} 22. Rab1 {(00:09)} Qa5 {(01:
54)} 23. a4 {(00:27)} Qb4 {(00:30)} 24. Kh1 {(01:30)} Rce8
{(00:51)} 25. Rfd1 {(01:52)} Bg5 {(01:44)} 26. Nf1 {
(04:57)} Bd8 {(01:27)} 27. Qd2 {(00:35)} Qc5 {(00:
47)} 28. Qd4 {(00:32)} Bb6 {(00:37)} 29. Qxc5 {(00:39)}
Bxc5 {(00:07)} 30. Rd2 {(00:34)} a5 {(00:04)} 31. Re2 {
(00:16)} h5 {(00:40)} 32. h4 {(00:39)} Re5 {(02:18]
} 33. Kh2 {(02:13)} f4 {(02:41)} 34. Rbe1 {(00:51)} Bb4 {
(00:25)} 35. Rd1 {(01:42)} f3 {(00:34)} 36. gxf3 {(
00:24)} Rxf3 {(00:07)} 37. Ng3 {(01:24)} Rxb3 {(01:27)}
38. Rxe4 {(00:43)} Rxe4 {(00:44)} 39. Nxe4 {(00:01)} Rb2 {
(01:18)} 40. Kg3 {(00:00)} Rc2 {(00:00)} 41. Rd4 {(
03:08)} Kf7 {(06:10)} 42. Ng5+ {(03:46)} Kg6 {(00:22)} 43.
Re4 {(05:30)} b6 {(04:06)} 44. Re6+ {(08:27)} Kf5 {
(00:10)} 45. Ne4 {(00:49)} Rxc4 {(00:09)} 46. Kf3 {
(00:47)} Rxe4 {(00:14)} 47. Rxe4 {(00:07)} Bc5 {(
01:44)} 48. Re8 {Ke5 Ke4+} 1/2-1/2

[Event "42nd Olympiad Baku 2016 Open"]
[Site "Baku"]
[Date "2016.09.05"]
[Round "4.36"]
[White "Odeev, Handszar"]
[Black "Muradli, Mahammad"]
[Result "1-0"]
[ECO "B50"]
[WhiteElo "2401"]
[BlackElo "2331"]
[Annotator ""]
[PlyCount "93"]
[EventDate "2016.??.??"]
[EventCountry "AZE"]
[SourceTitle "playchess.com"]
[Source "ChessBase"]
[WhiteTeam "Turkmenistan"]
[BlackTeam "Azerbaijan"]
[WhiteTeamCountry "TKM"]
[BlackTeamCountry "AZE"]
[TimeControl "40/5400+30:1800+30"]

1. e4 {(00:00)} c5 {(00:00)} 2. Nf3 {(00:00)} d6 {(
00:00)} 3. c3 {(01:07)} Nf6 {(00:00)} 4. Bd3 {(01:37)} Nc6
{(04:00)} 5. O-O {(02:40)} e5 {(09:09)} 6. Bc2 {(
01:54)} Be7 {(00:47)} 7. h3 {(02:54)} O-O {(05:56)} 8. Re1
{(07:50)} b5 {(14:52)} 9. d4 {(03:02)} Bb7 {(05:52]
} 10. a4 {(07:07)} a6 {(04:44)} 11. d5 {(06:09)} Nb8 {
(01:16)} 12. Qe2 {(15:06)} Qe8 {(10:36)} 13. Nh4 {(
07:38)} g6 {(12:34)} 14. Bh6 {(14:07)} b4 {(01:09)} 15. a5
{(04:26)} Nbd7 {(02:14)} 16. Ba4 {(03:28)} Rc8 {(
02:52)} 17. Nd2 {(00:56)} Qd8 {(01:40)} 18. Bxf8 {(00:18)}
Bxf8 {(03:56)} 19. Nhf3 {(01:02)} Nh5 {(02:16)} 20. g3 {
(01:04)} Rb8 {(02:45)} 21. Nc4 {(02:15)} Bc8 {(00:
33)} 22. Kh2 {(00:47)} Qe7 {(04:02)} 23. Qe3 {(03:05)} Ng7
{(01:43)} 24. Bxd7 {(02:36)} Qxd7 {(03:23)} 25. Ng1 Qd8 {
(02:33)} 26. Nb6 {(00:52)} Bb7 {(00:25)} 27. cxb4 {
(00:12)} cxb4 {(00:12)} 28. Rac1 {(03:15)} f5 {(00:
51)} 29. Rc4 {(01:33)} fxe4 {(02:03)} 30. Qxe4 {(02:55)}
Qf6 {(01:32)} 31. Qf3 {(03:10)} Qd8 {(00:52)} 32. Rec1 {
(01:05)} Nf5 {(00:30)} 33. Rc7 {(00:18)} Qg5 {(00:
33)} 34. g4 {(00:29)} Ne7 {(00:31)} 35. Ne2 {(01:39)} Bh6
{(00:34)} 36. Nd7 {(00:22)} Rf8 {(00:27)} 37. Nxf8 {
(00:28)} Bxd5 {(00:11)} 38. Qd3 {(00:54)} Qf6 {(00:
18)} 39. f4 {(00:31)} Bxf4+ {(00:41)} 40. Nxf4 {(00:00)}
Qxf4+ {(00:00)} 41. Kg1 {(01:44)} Be4 {(04:37)} 42. Rf1 {
(09:34)} Bxd3 {(02:17)} 43. Rxf4 {(00:04)} Nd5 {(
02:21)} 44. Rg7+ {(01:23)} Kxg7 {(00:06)} 45. Ne6+ {(00:
02)} Kh6 {(00:06)} 46. g5+ {(00:04)} Kh5 {(00:03)} 47. Rg4
{(00:04)} 1-0

[Event "42nd Olympiad Baku 2016 Open"]
[Site "Baku"]
[Date "2016.09.05"]
[Round "4.18"]
[White "Omar, Noaman"]
[Black "Oussedik, Mahfoud"]
[Result "1/2-1/2"]
[ECO "D37"]
[WhiteElo "2377"]
[BlackElo "2280"]
[Annotator ""]
[PlyCount "119"]
[EventDate "2016.??.??"]
[EventCountry "AZE"]
[SourceTitle "playchess.com"]
[Source "ChessBase"]
[WhiteTeam "United Arab Emirates"]
[BlackTeam "Algeria"]
[WhiteTeamCountry "UAE"]
[BlackTeamCountry "ALG"]
[TimeControl "40/5400+30:1800+30"]

1. d4 {(00:00)} Nf6 {(00:14)} 2. c4 {(00:00)} e6 {(
00:22)} 3. Nf3 {(00:00)} d5 {(00:07)} 4. Nc3 {(00:00)} Be7
{(00:33)} 5. Bf4 {(06:57)} O-O {(01:32)} 6. Qc2 {(
01:48)} c6 {(00:37)} 7. e3 {(00:18)} Nbd7 {(00:30)} 8. Rd1
{(00:17)} Nh5 {(12:11)} 9. Bd3 {(05:57)} h6 {(07:
33)} 10. O-O {(01:29)} a6 {(08:51)} 11. a3 {(08:28)} b6 {
(11:13)} 12. Bg3 {(07:34)} Bb7 {(01:33)} 13. Rfe1 {
(03:31)} Nxg3 {(05:15)} 14. hxg3 {(00:03)} dxc4 {(
00:08)} 15. Bxc4 {(00:07)} Qc7 {(00:05)} 16. Ba2 {(07:21)}
Rac8 {(02:24)} 17. Bb1 {(03:24)} g6 {(00:05)} 18. e4 {
(07:57)} Rfd8 {(08:40)} 19. e5 {(07:00)} Nf8 {(02:
26)} 20. Qc1 {(00:46)} Kg7 {(04:16)} 21. Be4 {(00:40)} Nh7
{(06:22)} 22. Qe3 {(01:22)} Ng5 {(02:21)} 23. Nxg5 {
(01:46)} Bxg5 {(01:23)} 24. f4 {(03:48)} Be7 {(00:
04)} 25. Rd2 {(05:21)} Rd7 {(00:30)} 26. Red1 {(00:07)}
Rcd8 {(00:13)} 27. Kh1 {(01:33)} b5 {(07:32)} 28. Qf3 {
(04:04)} Qb6 {(00:29)} 29. Ne2 {(01:24)} c5 {(09:
46)} 30. dxc5 {(08:52)} Rxd2 {(01:12)} 31. cxb6 {(06:18)}
Rxd1+ {(00:05)} 32. Kh2 {(00:02)} R1d3 {(00:28)} 33. Qxd3
{(06:19)} Rxd3 {(00:09)} 34. Bxd3 {(00:01)} Bc5 {(
00:17)} 35. Nc3 {(02:13)} Bxb6 {(00:29)} 36. Be4 {(00:19)}
Bc8 {(04:45)} 37. Ne2 {(00:09)} g5 {(02:27)} 38. g4 {
(00:39)} gxf4 {(00:43)} 39. Nxf4 {(00:03)} Bc7 {(
00:29)} 40. Nd3 {(00:00)} f6 {(00:00)} 41. Kg3 {(01:06)}
a5 {(04:43)} 42. Kf3 {(06:09)} Bxe5 {(02:56)} 43. b4 {
(10:45)} axb4 {(01:21)} 44. axb4 {(00:08)} Bc3 {(
06:20)} 45. Bc6 {(00:21)} e5 {(00:08)} 46. g3 {(07:59)} h5
{(09:20)} 47. gxh5 {(01:40)} f5 {(00:05)} 48. Nf2 {
(01:10)} Bxb4 {(01:53)} 49. Bxb5 {(00:13)} Bb7+ {(
00:27)} 50. Ke2 {(00:06)} e4 {(02:10)} 51. Nd1 {(02:08)}
Bd6 {(01:00)} 52. Ne3 {(00:16)} Bc8 {(00:08)} 53. g4 fxg4
{(00:32)} 54. Bc6 {(06:09)} Ba6+ {(00:11)} 55. Kf2 {
(00:13)} Bc5 {(00:21)} 56. Bxe4 {(00:43)} Kh6 {(00:
03)} 57. Kg3 {(00:47)} Bxe3 {(00:49)} 58. Kxg4 {(00:16)}
Bc8+ {(01:19)} 59. Kg3 {(00:15)} Kxh5 {(00:06)} 60. Kg2 {
(00:31)} 1/2-1/2

[Event "42nd Olympiad Baku 2016 Open"]
[Site "Baku"]
[Date "2016.09.05"]
[Round "4.8"]
[White "Ortiz Suarez, Isan Reynaldo"]
[Black "Sethuraman, S P."]
[Result "1/2-1/2"]
[ECO "A06"]
[WhiteElo "2581"]
[BlackElo "2640"]
[Annotator ""]
[PlyCount "104"]
[EventDate "2016.??.??"]
[EventCountry "AZE"]
[SourceTitle "playchess.com"]
[Source "ChessBase"]
[WhiteTeam "Cuba"]
[BlackTeam "India"]
[WhiteTeamCountry "CUB"]
[BlackTeamCountry "IND"]
[TimeControl "40/5400+30:1800+30"]

1. Nf3 {(00:00)} d5 {(00:04)} 2. g3 {(00:00)} c6 {(
00:16)} 3. Bg2 {(00:07)} Bg4 {(00:17)} 4. c4 {(00:45)} e6
{(00:38)} 5. cxd5 {(01:00)} exd5 {(00:07)} 6. O-O {
(00:16)} Nf6 {(00:47)} 7. d3 {(00:14)} Nbd7 {(00:
22)} 8. Nc3 {(02:24)} Bd6 {(01:10)} 9. Qc2 {(06:51)} O-O {
(03:57)} 10. e4 {(02:34)} dxe4 {(27:40)} 11. dxe4 {
(00:14)} Bxf3 {(13:38)} 12. Bxf3 {(00:10)} Bc5 {(
02:49)} 13. Bf4 {(10:18)} Qe7 {(00:52)} 14. Rad1 {(17:35)}
Ne5 {(01:31)} 15. Bg2 {(00:04)} Rad8 {(01:42)} 16. Qe2 {
(22:19)} Rxd1 {(16:48)} 17. Nxd1 {(00:03)} Rd8 {(
01:49)} 18. Ne3 {(12:13)} g6 {(07:01)} 19. Rd1 {(00:45)}
Rd4 {(05:41)} 20. Rxd4 {(06:09)} Bxd4 {(00:04)} 21. b3 {
(00:06)} b5 {(02:22)} 22. h3 {(03:52)} Nfd7 {(01:
45)} 23. Nc2 {(00:37)} Bb6 {(00:16)} 24. Be3 {(01:16)} f6
{(04:16)} 25. f4 {(01:11)} Nf7 {(00:04)} 26. Kh2 {(
00:21)} Qd6 {(02:10)} 27. Bxb6 {(06:32)} Nxb6 {(00:22)}
28. Ne3 {(01:48)} Kg7 {(01:34)} 29. Qb2 {(01:11)} h5 {
(01:06)} 30. h4 {(00:49)} Qd3 {(00:10)} 31. Qc1 {(
00:43)} Qd4 {(01:39)} 32. Kh1 {(02:43)} c5 {(00:40)} 33.
e5 {(00:27)} fxe5 {(00:21)} 34. f5 {(00:02)} c4 {(
00:46)} 35. fxg6 {(00:03)} Kxg6 {(00:27)} 36. Qc2+ {(00:
30)} e4 {(00:34)} 37. Bxe4+ {(00:25)} Kf6 {(00:13)} 38.
Qf2+ {(00:11)} Ke6 {(00:11)} 39. Bg2 {(01:07)} Nd6 {
(01:18)} 40. bxc4 {(00:00)} bxc4 {(00:00)} 41. Qe2 {
(11:59)} Qe5 {(04:21)} 42. Bh3+ {(01:45)} Kf7 {(01:
08)} 43. Qf3+ {(00:33)} Ke7 {(03:08)} 44. Nf5+ {(01:25)}
Nxf5 {(00:22)} 45. Bxf5 {(00:03)} Nd5 {(03:01)} 46. Kh2 {
(04:17)} Nf6 {(15:04)} 47. Qb7+ {(00:43)} Kd6 {(06:
41)} 48. Qa6+ {(00:53)} Kd5 {(00:06)} 49. Qa5+ {(01:42)}
Kd6 {(00:37)} 50. Qa6+ {(02:32)} Kd5 {(00:14)} 51. Qa5+ {
(02:15)} Kd6 {(00:07)} 52. Qa6+ {(01:40)} Kd5 1/2-1/2

[Event "42nd Olympiad Baku 2016 Open"]
[Site "Baku"]
[Date "2016.09.05"]
[Round "4.13"]
[White "Pace, Colin"]
[Black "Kavinda, Akila"]
[Result "1/2-1/2"]
[ECO "B06"]
[WhiteElo "2172"]
[BlackElo "2020"]
[Annotator ""]
[PlyCount "94"]
[EventDate "2016.??.??"]
[EventCountry "AZE"]
[SourceTitle "playchess.com"]
[Source "ChessBase"]
[WhiteTeam "Malta"]
[BlackTeam "Sri Lanka"]
[WhiteTeamCountry "MLT"]
[BlackTeamCountry "SRI"]
[TimeControl "40/5400+30:1800+30"]

1. e4 {(00:00)} d6 {(00:00)} 2. d4 {(00:00)} g6 {(
00:00)} 3. Nc3 {(00:07)} Bg7 {(00:00)} 4. Bg5 {(00:35)}
Nc6 {(12:54)} 5. d5 {(22:12)} Ne5 {(07:23)} 6. f4 {
(03:44)} h6 {(23:23)} 7. Bh4 {(02:28)} g5 {(14:00)}
8. fxe5 {(05:06)} gxh4 {(00:04)} 9. Bb5+ {(01:12)} Bd7 {
(10:35)} 10. Nf3 {(10:34)} Bxb5 {(02:29)} 11. Nxb5 {
(00:28)} c6 {(03:32)} 12. Nc3 {(02:03)} Bxe5 {(05:
15)} 13. Nxe5 {(04:02)} dxe5 {(00:04)} 14. Qh5 {(01:29)}
Qd6 {(06:35)} 15. O-O-O {(04:14)} Qf6 {(04:20)} 16. Kb1 {
(07:08)} Qg5 {(01:08)} 17. Qe2 {(00:38)} Nf6 {(02:
05)} 18. Rhf1 {(02:52)} O-O {(02:54)} 19. Rf5 {(06:54)}
Qg4 {(01:18)} 20. Qe3 {(00:50)} cxd5 {(01:13)} 21. h3 {
(11:06)} Qg6 {(00:30)} 22. Rxe5 {(00:41)} dxe4 {(
00:46)} 23. Nxe4 {(01:24)} Rac8 {(00:29)} 24. Rxe7 {(04:
19)} Rcd8 {(00:19)} 25. Nxf6+ {(01:32)} Qxf6 {(00:05)} 26.
Re1 {(01:18)} Rd6 {(00:04)} 27. b3 {(04:20)} Rfd8 {
(00:07)} 28. Re8+ {(01:03)} Rxe8 {(00:29)} 29. Qxe8+ {
(00:01)} Kg7 {(00:07)} 30. Qe2 {(01:28)} Qg5 {(02:
00)} 31. Qf3 {(01:00)} Rd2 {(00:35)} 32. Rf1 {(00:15)} Rd7
{(00:30)} 33. Qc3+ {(00:19)} f6 {(00:41)} 34. Qf3 {
(00:53)} Re7 {(00:32)} 35. a4 {(00:24)} b6 {(00:26]
} 36. Qc3 {(00:48)} Qg6 {(00:37)} 37. Rf4 {(00:20)} h5 {
(00:10)} 38. Rxh4 {(00:33)} Rd7 {(00:24)} 39. Rf4 {
(00:27)} Qg5 {(00:06)} 40. g3 {(00:00)} Rd1+ {(00:
00)} 41. Ka2 {(10:08)} Rg1 {(17:40)} 42. Qc7+ {(11:14)}
Kg6 {(00:41)} 43. Qd8 {(05:48)} Qe5 {(01:35)} 44. Qg8+ {
(02:58)} Kh6 {(00:06)} 45. Qh8+ {(01:43)} Kg6 {(00:
19)} 46. Qg8+ {(00:50)} Kh6 {(00:06)} 47. Qh8+ {(00:34)}
Kg6 {(00:06)} 1/2-1/2

[Event "42nd Olympiad Baku 2016 Open"]
[Site "Baku"]
[Date "2016.09.05"]
[Round "4.10"]
[White "Pacher, Milan"]
[Black "Mohammed, Zozek Salah Mohamme"]
[Result "1-0"]
[ECO "D06"]
[WhiteElo "2499"]
[BlackElo "2251"]
[Annotator ""]
[PlyCount "59"]
[EventDate "2016.??.??"]
[EventCountry "AZE"]
[SourceTitle "playchess.com"]
[Source "ChessBase"]
[WhiteTeam "Slovakia"]
[BlackTeam "Iraq"]
[WhiteTeamCountry "SVK"]
[BlackTeamCountry "IRQ"]
[TimeControl "40/5400+30:1800+30"]

1. d4 {(00:00)} d5 {(00:00)} 2. c4 {(00:00)} Bf5 {(
00:51)} 3. cxd5 {(00:01)} Bxb1 {(00:16)} 4. Rxb1 {(00:03)}
Qxd5 {(00:18)} 5. Qa4+ {(00:13)} c6 {(00:12)} 6. Nf3 {
(00:11)} Nd7 {(00:19)} 7. b4 {(01:39)} e6 {(05:09)}
8. e3 {(01:49)} a5 {(04:18)} 9. b5 {(04:09)} Bb4+ {
(06:02)} 10. Bd2 {(01:19)} Bxd2+ {(02:57)} 11. Nxd2 {
(00:42)} c5 {(00:41)} 12. b6 {(03:42)} Ngf6 {(01:
56)} 13. Be2 {(02:13)} cxd4 {(09:08)} 14. Bf3 {(01:22)}
Qe5 {(05:55)} 15. Nc4 {(02:12)} Qc5 {(00:13)} 16. Rb5 {
(05:03)} Qe7 {(01:47)} 17. Bxb7 {(06:07)} Rb8 {(03:
47)} 18. Nxa5 {(01:33)} dxe3 {(13:53)} 19. fxe3 {(04:21)}
Nd5 {(18:31)} 20. Bxd5 {(04:37)} exd5 {(00:03)} 21. Qd4 {
(00:11)} O-O {(04:58)} 22. Nc6 {(03:07)} Qa3 {(00:
39)} 23. Nxb8 {(00:29)} Qc1+ {(00:16)} 24. Kf2 {(02:11)}
Qc2+ {(00:12)} 25. Kg3 {(01:01)} Nf6 {(03:53)} 26. h3 {
(02:19)} Rxb8 {(01:37)} 27. Kh2 {(03:32)} h5 {(03:
12)} 28. a4 {(03:58)} Re8 {(07:29)} 29. b7 {(01:39)} Qf2 {
(00:04)} 30. b8=Q {(01:35)} 1-0

[Event "42nd Olympiad Baku 2016 Open"]
[Site "Baku"]
[Date "2016.09.05"]
[Round "4.18"]
[White "Palencia Morales, Wilson Guillermo"]
[Black "Markov, Mikhail"]
[Result "1/2-1/2"]
[ECO "A46"]
[WhiteElo "2378"]
[BlackElo "2433"]
[Annotator ""]
[PlyCount "78"]
[EventDate "2016.??.??"]
[EventCountry "AZE"]
[SourceTitle "playchess.com"]
[Source "ChessBase"]
[WhiteTeam "Venezuela"]
[BlackTeam "Kyrgyzstan"]
[WhiteTeamCountry "VEN"]
[BlackTeamCountry "KGZ"]
[TimeControl "40/5400+30:1800+30"]

1. d4 {(00:00)} Nf6 {(00:00)} 2. Nf3 {(00:00)} e6 {
(00:00)} 3. e3 {(00:11)} c5 {(00:08)} 4. Bd3 {(00:
53)} Be7 {(01:08)} 5. O-O {(00:46)} Nc6 {(01:59)} 6. c3 {
(02:29)} d5 {(01:03)} 7. Ne5 {(03:19)} Nxe5 {(01:
12)} 8. dxe5 {(00:16)} Nd7 {(00:16)} 9. f4 {(00:22)} Rb8 {
(10:06)} 10. Nd2 {(23:39)} b5 {(02:31)} 11. Nf3 {(
03:13)} g6 {(03:18)} 12. Bd2 {(06:22)} a5 {(01:33)} 13.
Qe2 {(01:48)} Qb6 {(03:29)} 14. Rab1 {(13:27)} c4 {
(08:11)} 15. Bc2 {(00:04)} b4 {(00:25)} 16. Ba4 {(
06:57)} O-O {(02:42)} 17. Bxd7 {(00:07)} Bxd7 {(00:03)}
18. h4 {(02:26)} Ba4 {(04:17)} 19. Be1 {(06:01)} h5 {
(02:00)} 20. Nd4 {(05:45)} f5 {(17:31)} 21. exf6 {(
06:08)} Bxf6 {(02:51)} 22. g4 {(02:48)} e5 {(03:38)} 23.
fxe5 {(00:33)} Bxe5 {(00:07)} 24. Bd2 {(02:05)} Bd7 {
(00:26)} 25. gxh5 {(00:48)} Bh3 {(00:20)} 26. Rf3 {
(00:22)} Bf5 {(17:23)} 27. Rbf1 {(01:47)} Be4 {(02:
08)} 28. Rxf8+ {(00:44)} Rxf8 {(00:01)} 29. Rxf8+ {(00:14]
} Kxf8 {(00:01)} 30. Qg4 {(01:03)} gxh5 {(04:04)} 31. Qc8+
{(04:29)} Kg7 {(02:29)} 32. Qd7+ {(01:18)} Kf6 {(
04:32)} 33. Nc6 {(01:25)} Qc7 {(00:42)} 34. Qxc7 {(00:24)}
Bxc7 {(00:04)} 35. cxb4 {(00:09)} axb4 {(00:46)} 36. Bxb4
{(00:05)} Ke6 {(02:05)} 37. Nd4+ {(00:13)} Kd7 {(
00:08)} 38. Be1 {(01:58)} Be5 {(00:11)} 39. Kf2 {(00:26)}
Bxd4 {(00:47)} 1/2-1/2

[Event "42nd Olympiad Baku 2016 Open"]
[Site "Baku"]
[Date "2016.09.05"]
[Round "4.11"]
[White "Pantsulaia, Levan"]
[Black "Iotov, Valentin"]
[Result "1/2-1/2"]
[ECO "A35"]
[WhiteElo "2601"]
[BlackElo "2518"]
[Annotator ""]
[PlyCount "88"]
[EventDate "2016.??.??"]
[EventCountry "AZE"]
[SourceTitle "playchess.com"]
[Source "ChessBase"]
[WhiteTeam "Georgia"]
[BlackTeam "Bulgaria"]
[WhiteTeamCountry "GEO"]
[BlackTeamCountry "BUL"]
[TimeControl "40/5400+30:1800+30"]

1. c4 {(00:00)} c5 {(00:14)} 2. Nf3 {(00:14)} Nc6 {
(00:17)} 3. Nc3 {(01:30)} Nf6 {(00:04)} 4. g3 {(02:
16)} d5 {(00:49)} 5. cxd5 {(00:20)} Nxd5 {(00:03)} 6. Bg2
{(00:09)} g6 {(00:38)} 7. d3 {(10:46)} Bg7 {(00:38]
} 8. Bd2 {(05:13)} O-O {(06:25)} 9. h4 {(00:23)} Bg4 {
(04:48)} 10. O-O {(08:37)} Nxc3 {(04:56)} 11. bxc3 {
(01:05)} Qd7 {(03:44)} 12. Rb1 {(08:17)} b6 {(04:
49)} 13. Qc1 {(00:16)} Rfe8 {(14:08)} 14. Bh6 {(03:18)}
Bh8 {(02:11)} 15. Re1 {(00:08)} Rac8 {(05:10)} 16. Qa3 {
(03:17)} e5 {(09:31)} 17. Nd2 {(03:45)} Be6 {(08:
18)} 18. Ne4 {(03:52)} f6 {(01:21)} 19. Qa4 {(02:46)} Bg7
{(01:37)} 20. Bd2 {(12:03)} Kh8 {(03:14)} 21. Rbd1 {
(06:34)} Rc7 {(05:47)} 22. c4 {(03:40)} Ne7 {(09:
44)} 23. Qxd7 {(01:14)} Rxd7 {(00:02)} 24. Bc3 {(02:33)}
h6 {(08:01)} 25. Nd2 {(07:00)} Red8 {(02:49)} 26. Rc1 {
(05:30)} f5 {(00:36)} 27. Nb3 {(03:48)} Rd6 {(01:
26)} 28. f4 {(00:19)} exf4 {(00:46)} 29. gxf4 {(00:04)}
Bd7 {(01:07)} 30. Kf2 {(01:04)} Bc6 {(00:41)} 31. Rg1 {
(01:22)} h5 {(00:49)} 32. Nd2 {(00:58)} Bxc3 {(00:
31)} 33. Rxc3 {(00:05)} Bxg2 {(00:38)} 34. Rxg2 {(00:44)}
Ng8 {(00:01)} 35. Ra3 {(01:29)} R8d7 {(00:38)} 36. Nf3 {
(00:09)} Nf6 {(00:16)} 37. Ne5 {(02:37)} Ng4+ {(00:
04)} 38. Rxg4 {(00:46)} hxg4 {(00:05)} 39. Nxd7 {(00:04)}
Rxd7 {(00:07)} 40. Rb3 {(00:00)} Rh7 {(00:00)} 41. Kg3 {
(06:33)} Re7 {(01:24)} 42. e4 {(00:26)} fxe4 {(01:
09)} 43. dxe4 {(00:04)} Rxe4 {(00:11)} 44. Ra3 {(00:03)}
Rxc4 {(10:17)} 1/2-1/2

[Event "42nd Olympiad Baku 2016 Open"]
[Site "Baku"]
[Date "2016.09.05"]
[Round "4.33"]
[White "Papaioannou, Ioannis"]
[Black "Vachier-Lagrave, Maxime"]
[Result "1/2-1/2"]
[ECO "A33"]
[WhiteElo "2631"]
[BlackElo "2813"]
[Annotator ""]
[PlyCount "61"]
[EventDate "2016.??.??"]
[EventCountry "AZE"]
[SourceTitle "playchess.com"]
[Source "ChessBase"]
[WhiteTeam "Greece"]
[BlackTeam "France"]
[WhiteTeamCountry "GRE"]
[BlackTeamCountry "FRA"]
[TimeControl "40/5400+30:1800+30"]

1. Nf3 {(00:00)} c5 {(00:00)} 2. c4 {(00:00)} Nc6 {
(00:02)} 3. d4 {(00:24)} cxd4 {(00:06)} 4. Nxd4 {(
00:07)} Nf6 {(00:21)} 5. Nc3 {(00:34)} e6 {(00:05)} 6. g3
{(00:20)} Qb6 {(02:41)} 7. e3 {(01:28)} d5 {(08:36]
} 8. cxd5 {(00:35)} Nxd5 {(00:20)} 9. Nxd5 {(02:00)} exd5
{(01:15)} 10. Bg2 {(00:17)} Bb4+ {(02:39)} 11. Bd2 {
(00:09)} Nxd4 {(00:09)} 12. exd4 {(00:06)} O-O {(
00:10)} 13. O-O {(01:09)} Be6 {(04:29)} 14. Bxb4 {(05:41)}
Qxb4 {(00:13)} 15. Qb3 {(00:18)} a5 {(01:58)} 16. Bxd5 {
(06:05)} Bxd5 {(00:03)} 17. Qxd5 {(00:08)} Rad8 {(
02:35)} 18. Qb3 {(02:55)} Rxd4 {(00:18)} 19. Qxb4 {(00:29]
} Rxb4 {(00:08)} 20. b3 {(00:09)} a4 {(00:25)} 21. bxa4 {
(00:32)} Ra8 {(00:32)} 22. Rfd1 {(01:08)} g6 {(00:
22)} 23. Rd7 {(00:25)} Rbxa4 {(00:13)} 24. Rxb7 {(00:06)}
Rxa2 {(00:06)} 25. Rxa2 {(00:04)} Rxa2 {(00:04)} 26. Kg2 {
(00:03)} Kg7 {(00:04)} 27. Rc7 {(00:03)} h5 {(00:
04)} 28. h4 {(00:03)} Ra6 {(00:02)} 29. Rb7 {(00:04)} Rf6
{(00:04)} 30. Rc7 {(00:03)} Re6 {(00:04)} 31. Rb7 {
(00:02)} 1/2-1/2

[Event "42nd Olympiad Baku 2016 Open"]
[Site "Baku"]
[Date "2016.09.05"]
[Round "4.16"]
[White "Parraga, Alejandro"]
[Black "Al Turky, Fahad A"]
[Result "1-0"]
[ECO "A40"]
[WhiteElo "2173"]
[BlackElo "1861"]
[Annotator ""]
[PlyCount "105"]
[EventDate "2016.??.??"]
[EventCountry "AZE"]
[SourceTitle "playchess.com"]
[Source "ChessBase"]
[WhiteTeam "Bolivia"]
[BlackTeam "KSA"]
[WhiteTeamCountry "BOL"]
[TimeControl "40/5400+30:1800+30"]

1. d4 {(00:00)} Nf6 {(00:00)} 2. c4 {(00:00)} e6 {(
00:21)} 3. g3 {(00:10)} Bb4+ {(00:50)} 4. Bd2 {(00:23)}
Qe7 {(01:52)} 5. Bg2 {(00:54)} d5 {(03:36)} 6. a3 {
(05:24)} Bxd2+ {(00:44)} 7. Nxd2 {(00:09)} O-O {(
00:54)} 8. Ngf3 {(00:20)} b6 {(02:39)} 9. O-O {(02:06)}
Bb7 {(00:39)} 10. Rc1 {(04:31)} c5 {(02:33)} 11. cxd5 {
(06:22)} exd5 {(01:01)} 12. Re1 {(04:53)} Nbd7 {(
02:28)} 13. Nh4 {(11:15)} g6 {(07:30)} 14. dxc5 {(13:44)}
bxc5 {(02:22)} 15. Qc2 {(03:05)} Rac8 {(05:33)} 16. e4 {
(05:03)} d4 {(13:26)} 17. e5 {(07:34)} Nd5 {(00:23]
} 18. Nc4 {(00:42)} Ba8 {(14:21)} 19. Qd2 {(09:42)} N7b6 {
(13:20)} 20. Nd6 {(01:13)} Rc7 {(04:16)} 21. Qh6 {(
04:01)} f5 {(04:13)} 22. Nb5 {(04:50)} Rcc8 {(04:00)} 23.
Nf3 {(01:48)} d3 {(04:37)} 24. Nd2 {(03:57)} a6 {(
02:02)} 25. Nd6 {(00:36)} Rc7 {(00:16)} 26. h4 {(01:13)}
Qg7 {(02:26)} 27. Qxg7+ {(00:27)} Kxg7 {(00:07)} 28. b3 {
(00:51)} f4 {(02:20)} 29. Be4 {(01:07)} fxg3 {(01:
12)} 30. fxg3 {(00:09)} Nc8 {(01:46)} 31. Nxc8 {(00:41)}
Rcxc8 {(00:23)} 32. Bxd3 {(00:42)} Rfd8 {(01:23)} 33. Bxa6
{(01:11)} Rc6 {(00:38)} 34. Bc4 {(00:56)} Ne3 {(01:
48)} 35. Rxe3 {(01:08)} Rxd2 {(00:14)} 36. Rd3 {(01:10)}
Rb2 {(00:29)} 37. Rd7+ {(00:31)} Kh6 {(00:13)} 38. Bg8 {
(02:17)} Kh5 {(00:53)} 39. Bd5 {(01:49)} Rc8 {(00:
30)} 40. Rxh7+ {(00:00)} Kg4 {(00:00)} 41. Be6+ {(02:16)}
Kxg3 {(04:06)} 42. Bxc8 {(03:16)} Rxb3 {(02:34)} 43. e6 {
(01:31)} c4 {(01:44)} 44. e7 {(00:48)} Bc6 {(00:15]
} 45. Rh8 {(00:50)} Re3 {(00:28)} 46. Bb7 {(02:23)} Bb5 {
(03:34)} 47. Ba6 {(01:54)} Bd7 {(03:41)} 48. Bxc4 {
(03:42)} Rxe7 {(00:16)} 49. Bd3 {(00:54)} Re3 {(01:
09)} 50. Bxg6 {(00:51)} Rxa3 {(00:21)} 51. h5 {(00:22)}
Bc6 {(06:09)} 52. Rc8 {(01:06)} Bb5 {(00:21)} 53. R8c3+ {
(00:11)} 1-0